Map: King Sejong Station LE

Players

Deadpool - Winner!

  • Race: Terran Terran
  • League: Diamond

deadSCV

  • Race: Terran Terran
  • League: Platinum

VOD

Have the link to the VOD?

Description

Time

  • Played on: Nov. 8, 2016, 6:07 p.m.
  • Length: 7:55
Show
View Real Time Build Order
Export as new Build Order

Deadpool Terran - Winner!

Build Orders:  

Get SALT Encoding   

  12  0:00  SCV  
  13  0:12  SCV  
  14  0:17  Supply Depot  
  14  0:25  SCV  
  14  0:28  Refinery  
  15  0:39  SCV  
  16  0:44  Barracks  
  16  0:51  SCV  
  16  0:55  Refinery  
  17  1:03  SCV  
  18  1:15  SCV  
  19  1:32  Orbital Command  
  19  1:36  Factory  
  19  1:37  Reaper  
  20  1:47  Supply Depot  
  20  2:05  SCV  
  21  2:10  Reaper  
  22  2:17  SCV  
  22  2:19  Hellion  
  25  2:29  SCV  
  26  2:35  Command Center  
  26  2:41  SCV  
  26  2:42  Hellion  
  29  2:46  Reaper  
  30  2:55  SCV  
  31  3:06  Factory Tech Lab  
  31  3:14  SCV  
  31  3:16  Supply Depot  
  32  3:26  SCV  
  33  3:27  Barracks Reactor  
  33  3:33  Starport  
  33  3:37  Cyclone  
  33  3:38  SCV  
  31  4:06  Marine x2  
  31  4:07  Supply Depot  
  33  4:11  Siege Tank  
  33  4:13  Starport Reactor  
  33  4:15  Bunker  
  33  4:16  Barracks  
  36  4:18  Barracks  
  36  4:24  Orbital Command  
  36  4:31  Marine x2  
  36  4:34  SCV  
  39  4:50  Medivac x2, Supply Depot  
  43  5:00  Supply Depot  
  43  5:03  Siege Tank  
  43  5:05  Barracks Reactor  
  46  5:07  Barracks Tech Lab  
  46  5:11  SCV  
  46  5:12  SCV  
  48  5:17  Marine x2  
  50  5:27  SCV x2  
  50  5:28  Refinery  
  52  5:30  Combat Shields  
  52  5:33  Medivac  
  54  5:37  Supply Depot  
  54  5:39  SCV  
  55  5:44  SCV  
  56  5:51  SCV  
  56  5:56  SCV  
  58  6:04  SCV  
  59  6:08  SCV  
  60  6:14  Marine x4  
  60  6:15  Marine  
  60  6:16  Siege Tank  
  60  6:17  Medivac  
  70  6:25  Refinery  
  70  6:32  Marine  
  71  6:36  Command Center  
  70  7:12  Marine x2  
  70  7:13  Marine  
  73  7:29  Marine x2  
  75  7:30  Marine x3  
Show
View Real Time Build Order
Export as new Build Order

deadSCV Terran 

Build Orders:  

Get SALT Encoding   

  12  0:01  SCV  
  13  0:13  SCV  
  14  0:18  Supply Depot  
  14  0:26  SCV  
  15  0:40  SCV  
  15  0:41  Barracks  
  16  0:45  Refinery  
  16  0:52  SCV  
  17  1:04  SCV  
  19  1:18  SCV  
  19  1:30  Marine  
  19  1:32  Orbital Command  
  20  1:42  Command Center  
  20  1:50  Marine  
  21  1:57  Factory  
  21  2:01  SCV  
  23  2:16  SCV, Barracks Reactor  
  23  2:19  Supply Depot  
  23  2:36  Refinery  
  23  2:41  SCV  
  23  2:43  Factory Tech Lab  
  24  2:52  Marine x2  
  24  2:56  SCV, Engineering Bay, Orbital Command  
  27  3:08  SCV, Cyclone  
  27  3:11  Marine x2  
  34  3:20  SCV  
  34  3:22  Terran Infantry Weapons Level 1  
  34  3:23  SCV  
  36  3:32  SCV  
  37  3:34  Marine x2  
  37  3:35  SCV  
  37  3:39  Supply Depot  
  37  3:40  Supply Depot  
  40  3:44  Cyclone  
  42  3:52  Marine  
  40  3:56  Marine  
  40  3:58  SCV x2  
  43  4:06  Barracks  
  43  4:13  SCV x2  
  45  4:25  SCV x2  
  45  4:29  Starport  
  45  4:30  Barracks, Supply Depot  
  47  4:32  Hellion x2  
  47  4:37  Marine  
  52  4:39  SCV, Stimpack  
  52  4:40  SCV  
  54  4:47  Supply Depot  
  54  4:52  SCV  
  55  4:58  SCV  
  52  5:01  Hellion x2  
  52  5:02  Marauder  
  52  5:04  SCV, Barracks Reactor  
  59  5:10  SCV  
  60  5:14  Starport Reactor  
  60  5:16  SCV  
  61  5:21  Terran Infantry Armor Level 1  
  61  5:22  SCV  
  61  5:28  SCV  
  63  5:31  Command Center  
  63  5:36  SCV  
  63  5:38  Factory Tech Lab  
  63  5:40  SCV  
  63  5:41  Supply Depot x2  
  65  5:43  Barracks Reactor  
  65  5:44  Medivac x2  
  65  5:45  Marauder  
  65  5:46  Marine  
  72  6:07  Refinery  
  72  6:08  Refinery  
  72  6:10  Barracks  
  72  6:12  SCV x2, Barracks  
  72  6:15  Marauder, Marine x2  
  72  6:16  Medivac  
  80  6:30  SCV x2  
  82  6:33  Marine x2  
  82  6:38  Marauder, Marine x2  
  76  6:51  Marine x2  
  69  7:00  Marauder  
  59  7:10  Siege Tank  
  58  7:18  Medivac x2  
  58  7:22  Marauder, Marine x4  
Tags
 
Add a new tag
Caveats
  • Supply blocks, unpowered buildings, or Contaminate may cause inaccurate times.
  • Supply counts are checked every 10 seconds.